HSSL
OCEANSIDE HS PIRATES @ BUCHANAN HS
04/24/2025
 
TOP OF THE 1ST
Oceanside HS Pirates batting - Pitching for Buchanan HS : RHP Stephen Beairsto
Pitching: RHP Stephen Beairsto
Batting: RHB Glen Madden 0-0: Fly out, F7 (Flyball, 78M)
Batting: LHB Greg Sharpe 0-0: Ball
1-0: Foul Ball, location: 2F
1-1: Fly out, F8 (Flyball, 8RXD)
Batting: LHB Ron Young 0-0: Called Strike
0-1: Called Strike
0-2: Foul Ball, location: 2F
0-2: Ball
1-2: Foul Ball, location: 2F
1-2: Ball
2-2: Ball
3-2: Ground out 4-3 (Groundball, 4)
Top of the 1st over - 0 run(s), 0 hit(s), 0 error(s), 0 left on base; Oceanside HS 0 - Buchanan HS 0
BOTTOM OF THE 1ST
Buchanan HS batting - Pitching for Oceanside HS Pirates : LHP Bob Wallace
Pitching: LHP Bob Wallace
Batting: SHB Ken Gibson 0-0: Ball
1-0: Ball
2-0: Called Strike
2-1: Foul Ball, location: 2F
2-2: Fly out, F3 (Popup, 3SF)
Batting: RHB Mike Willis 0-0: Ball
1-0: Ball
2-0: Swinging Strike
2-1: Swinging Strike
2-2: Ground out 1-3 (Groundball, 23)
Batting: RHB Jason Stover 0-0: Ball
1-0: Ball
2-0: Foul Ball, location: 2F
2-1: Ground out 6-3 (Groundball, 6M)
Bottom of the 1st over - 0 run(s), 0 hit(s), 0 error(s), 0 left on base; Oceanside HS 0 - Buchanan HS 0
TOP OF THE 2ND
Oceanside HS Pirates batting - Pitching for Buchanan HS : RHP Stephen Beairsto
Batting: LHB Jon Quinn 0-0: Foul Ball, location: 2F
0-1: Called Strike
0-2: Strikes out looking
Batting: RHB Danny Boykins 0-0: Called Strike
0-1: Ball
1-1: Ball
2-1: SINGLE (Groundball, 6D)
Batting: SHB Jerry Young 0-0: Ball
1-0: Swinging Strike
1-1: Ball
2-1: Swinging Strike
2-2: Foul Ball, location: 2F
2-2: Foul Ball, location: 2F
Balk!
Danny Boykins to second
2-2: Foul Ball, location: 2F
2-2: Strikes out swinging
Batting: SHB Barry Holman 0-0: Fly out, F6 (Popup, 56)
Top of the 2nd over - 0 run(s), 1 hit(s), 0 error(s), 1 left on base; Oceanside HS 0 - Buchanan HS 0
BOTTOM OF THE 2ND
Buchanan HS batting - Pitching for Oceanside HS Pirates : LHP Bob Wallace
Batting: RHB Ken Miller 0-0: Ball
1-0: Ball
2-0: SINGLE (Line Drive, 8RS)
Batting: RHB Ryan Lyon 0-0: Called Strike
0-1: Swinging Strike
0-2: Ball
1-2: Ball
2-2: Ball
3-2: Base on Balls
Ken Miller to second
Batting: LHB Jesús Torres 0-0: Ball
1-0: Ball
2-0: Foul Ball, location: 2F
2-1: Foul Ball, location: 2F
2-2: Strikes out swinging
Batting: RHB Dave Sawyer 0-0: Ball
1-0: Foul Ball, location: 2F
1-1: Ball
2-1: SINGLE (Line Drive, 8LS)
Ken Miller to third
Ryan Lyon to second
Batting: RHB Allen Miller 0-0: Ball
1-0: Ball
2-0: Foul Ball, location: 2F
2-1: Ball
3-1: Base on Balls
Ken Miller scores
Ryan Lyon to third
Dave Sawyer to second
Batting: RHB Ernie Ross 0-0: Ball
1-0: Ball
2-0: Called Strike
2-1: Ball
3-1: Base on Balls
Ryan Lyon scores
Dave Sawyer to third
Allen Miller to second
Batting: SHB Ken Gibson 0-0: Called Strike
0-1: SINGLE (Line Drive, 8LS)
Dave Sawyer scores
Allen Miller to third
Ernie Ross to second
Batting: RHB Mike Willis 0-0: SINGLE (Groundball, 4M)
Allen Miller scores
Ernie Ross to third
Ken Gibson to second
Runner from 3rd tries for Home, SAFE, throw made home
Batting: RHB Jason Stover 0-0: Called Strike
0-1: Ball
1-1: Ball
2-1: Fly out, F9 (Flyball, 9M)
Batting: RHB Ken Miller 0-0: Ball
1-0: Ball
2-0: Called Strike
2-1: Swinging Strike
2-2: Strikes out swinging
Bottom of the 2nd over - 5 run(s), 4 hit(s), 0 error(s), 2 left on base; Oceanside HS 0 - Buchanan HS 5
TOP OF THE 3RD
Oceanside HS Pirates batting - Pitching for Buchanan HS : RHP Stephen Beairsto
Batting: LHB Miguel Maldonado 0-0: Called Strike
0-1: Called Strike
0-2: Ball
1-2: SINGLE (Flyball, 8LS)
Batting: LHB Preston Spencer 0-0: Ball
1-0: Ball
2-0: Ball
3-0: Called Strike
3-1: Swinging Strike
3-2: Foul Ball, location: 2F
3-2: Fly out, F8 (Line Drive, 8RM)
Batting: RHB Glen Madden 0-0: Ball
Miguel Maldonado steals 2nd base
1-0: Foul Ball, location: 2F
1-1: Ball
2-1: Ball
3-1: Base on Balls
Batting: LHB Greg Sharpe 0-0: Foul Ball, location: 2F
0-1: Foul Ball, location: 2F
0-2: Ball
1-2: Ball
2-2: Strikes out looking
Batting: LHB Ron Young 0-0: SINGLE (Groundball, 5S) (infield hit)
Miguel Maldonado to third
Glen Madden to second
Batting: LHB Jon Quinn 0-0: Ball
1-0: Called Strike
1-1: Ball
2-1: Ball
3-1: Base on Balls
Miguel Maldonado scores
Glen Madden to third
Ron Young to second
Batting: RHB Danny Boykins 0-0: SINGLE (Flyball, 4D)
Glen Madden scores
Ron Young to third
Jon Quinn to second
Runner from 3rd tries for Home, SAFE, no throw or cutoff
Batting: SHB Jerry Young 0-0: Called Strike
0-1: Called Strike
0-2: Ball
1-2: Ball
2-2: Ball
3-2: Fly out, F7 (Flyball, 7LSF)
Top of the 3rd over - 3 run(s), 3 hit(s), 0 error(s), 2 left on base; Oceanside HS 3 - Buchanan HS 5
BOTTOM OF THE 3RD
Buchanan HS batting - Pitching for Oceanside HS Pirates : LHP Bob Wallace
Batting: RHB Ryan Lyon 0-0: Called Strike
0-1: Ground out 6-3 (Groundball, 6)
Batting: LHB Jesús Torres 0-0: Called Strike
0-1: Ball
1-1: Foul Ball, location: 2F
1-2: Ball
2-2: Foul Ball, location: 2F
2-2: Ball
3-2: Base on Balls
Batting: RHB Dave Sawyer 0-0: Called Strike
0-1: Foul Ball, location: 2F
0-2: Ball
1-2: Ground out 2-3 (Groundball, 25)
Jesús Torres to second
Batting: RHB Allen Miller 0-0: Foul Ball, location: 2F
0-1: SINGLE (Flyball, 78M)
Jesús Torres to third
Batting: RHB Ernie Ross 0-0: Ball
1-0: Called Strike
1-1: Ball
2-1: Ball
3-1: Base on Balls
Allen Miller to second
Batting: SHB Ken Gibson 0-0: Called Strike
0-1: SINGLE (Line Drive, 4M)
Jesús Torres scores
Allen Miller to third
Ernie Ross to second
Runner from 3rd tries for Home, SAFE, no throw or cutoff
Batting: RHB Mike Willis 0-0: Swinging Strike
0-1: Called Strike
0-2: Ball
1-2: Ball
2-2: Fly out, F9 (Popup, 89S)
Bottom of the 3rd over - 2 run(s), 2 hit(s), 0 error(s), 2 left on base; Oceanside HS 3 - Buchanan HS 7
TOP OF THE 4TH
Oceanside HS Pirates batting - Pitching for Buchanan HS : RHP Stephen Beairsto
Batting: SHB Barry Holman 0-0: Fly out, F6 (Line Drive, 6)
Batting: LHB Miguel Maldonado 0-0: Ball
1-0: Ball
2-0: Called Strike
2-1: Called Strike
2-2: SINGLE (Line Drive, 34D)
Batting: LHB Preston Spencer 0-0: Ball
1-0: Ball
2-0: Foul Ball, location: 2F
2-1: Swinging Strike
2-2: Strikes out swinging
Batting: RHB Glen Madden 0-0: Called Strike
0-1: Fly out, F6 (Line Drive, 6M)
Top of the 4th over - 0 run(s), 1 hit(s), 0 error(s), 1 left on base; Oceanside HS 3 - Buchanan HS 7
BOTTOM OF THE 4TH
Buchanan HS batting - Pitching for Oceanside HS Pirates : LHP Bob Wallace
Pitching: LHP Denis Hoelscher
Batting: RHB Jason Stover 0-0: Ball
1-0: Ball
2-0: Called Strike
2-1: Ball
3-1: Base on Balls
Batting: RHB Ken Miller 0-0: Ball
1-0: Ball
2-0: Swinging Strike
2-1: Foul Ball, location: 2F
2-2: Foul Ball, location: 2F
2-2: SINGLE (Groundball, 6MD)
Jason Stover to second
Runner from 2nd tries for 3rd, SAFE, no throw or cutoff
Batting: RHB Ryan Lyon 0-0: Called Strike
0-1: Called Strike
0-2: Ball
1-2: Ball
2-2: Ball
3-2: Fly out, F4 (Line Drive, 4)
3-2: Lined into DP, 4-3 (Line Drive, 4)
Batting: LHB Jesús Torres 0-0: Ball
1-0: Called Strike
1-1: Foul Ball, location: 2F
1-2: Fly out, F2 (Popup, 25F)
Bottom of the 4th over - 0 run(s), 1 hit(s), 0 error(s), 1 left on base; Oceanside HS 3 - Buchanan HS 7
TOP OF THE 5TH
Oceanside HS Pirates batting - Pitching for Buchanan HS : RHP Stephen Beairsto
Batting: LHB Greg Sharpe 0-0: Ball
1-0: Ball
2-0: Ball
3-0: Called Strike
3-1: Foul Ball, location: 2F
3-2: Base on Balls
Pitching: LHP Brad Bush
Batting: LHB Ron Young 0-0: Ball
1-0: Ball
2-0: Ball
3-0: Called Strike
3-1: Called Strike
3-2: Base on Balls
Greg Sharpe to second
Batting: LHB Jon Quinn 0-0: Called Strike
0-1: Ball
1-1: Called Strike
1-2: Ball
2-2: Foul Ball, location: 2F
2-2: Ball
3-2: Foul Ball, location: 2F
3-2: Strikes out swinging
Batting: RHB Danny Boykins 0-0: Called Strike
Greg Sharpe steals 3rd base
Ron Young to second
0-1: Ball
1-1: Ball
2-1: Foul Ball, location: 2F
2-2: Ball
3-2: Base on Balls
Batting: SHB Jerry Young 0-0: Ball
1-0: Ball
2-0: Ball
3-0: Called Strike
3-1: Called Strike
3-2: Base on Balls
Greg Sharpe scores
Ron Young to third
Danny Boykins to second
Batting: SHB Barry Holman 0-0: Ball
1-0: Ball
2-0: Swinging Strike
2-1: Ball
3-1: Base on Balls
Ron Young scores
Danny Boykins to third
Jerry Young to second
Batting: LHB Miguel Maldonado 0-0: Ball
1-0: Swinging Strike
1-1: Ball
2-1: Ball
3-1: Called Strike
3-2: Base on Balls
Danny Boykins scores
Jerry Young to third
Barry Holman to second
Batting: LHB Preston Spencer 0-0: Swinging Strike
0-1: Ball
1-1: Foul Ball, location: 2F
1-2: Fly out, F7 (Flyball, 7S)
Batting: RHB Glen Madden 0-0: SINGLE (Groundball, 34)
Jerry Young scores
Barry Holman to third
Miguel Maldonado to second
Runner from 3rd tries for Home, SAFE, throw made at trailing runner, SAFE at third!
Pitching: RHP Jesse Hairston
Batting: LHB Greg Sharpe 0-0: Fly out, F7 (Line Drive, 7M)
Top of the 5th over - 5 run(s), 1 hit(s), 0 error(s), 2 left on base; Oceanside HS 8 - Buchanan HS 7
BOTTOM OF THE 5TH
Buchanan HS batting - Pitching for Oceanside HS Pirates : LHP Denis Hoelscher
Batting: RHB Dave Sawyer 0-0: Bunt for hit - play at first, batter safe!
Batting: RHB Allen Miller 0-0: Called Strike
0-1: Ball
1-1: Ball
2-1: Ball
3-1: SINGLE (Groundball, 56D)
Dave Sawyer to second
Batting: RHB Ernie Ross 0-0: Ball
1-0: Called Strike
1-1: Ball
2-1: SINGLE (Line Drive, 78M)
Dave Sawyer to third
Allen Miller to second
Runner from 3rd tries for Home, SAFE, no throw or cutoff
Batting: SHB Ken Gibson 0-0: Ball
1-0: Foul Ball, location: 2F
1-1: Called Strike
1-2: Fly out, F8 (Flyball, 8LS)
Batting: RHB Mike Willis 0-0: Called Strike
0-1: Foul Ball, location: 2F
0-2: Ball
1-2: Strikes out swinging
Batting: RHB Jason Stover 0-0: Ball
1-0: Called Strike
1-1: SINGLE (Line Drive, 56D)
Allen Miller to third
Ernie Ross to second
Batting: RHB Ken Miller 0-0: Called Strike
0-1: Ground out 1-3 (Groundball, 23)
Bottom of the 5th over - 1 run(s), 4 hit(s), 0 error(s), 3 left on base; Oceanside HS 8 - Buchanan HS 8
TOP OF THE 6TH
Oceanside HS Pirates batting - Pitching for Buchanan HS : RHP Jesse Hairston
Batting: LHB Ron Young 0-0: Called Strike
0-1: Ball
1-1: SOLO HOME RUN (Flyball, 9D), Distance : 388 ft
Batting: LHB Jon Quinn 0-0: Ball
1-0: Foul Ball, location: 2F
1-1: Foul Ball, location: 2F
1-2: Ball
2-2: Fly out, F6 (Popup, 6D)
Batting: RHB Danny Boykins 0-0: Called Strike
0-1: Ball
1-1: Foul Ball, location: 2F
1-2: Foul Ball, location: 2F
1-2: Ball
2-2: Strikes out swinging
Batting: SHB Jerry Young 0-0: Ball
1-0: Ball
2-0: Ball
3-0: Base on Balls
Batting: SHB Barry Holman 0-0: Ball
Jerry Young steals 2nd base
1-0: Ball
2-0: Ball
3-0: Called Strike
3-1: Base on Balls
Batting: LHB Miguel Maldonado 0-0: Swinging Strike
0-1: Ball
1-1: Ball
2-1: Foul Ball, location: 2F
2-2: Ball
3-2: Base on Balls
Jerry Young to third
Barry Holman to second
Batting: LHB Preston Spencer 0-0: Ball
1-0: Called Strike
1-1: Ball
2-1: Called Strike
2-2: Foul Ball, location: 2F
2-2: Foul Ball, location: 2F
2-2: Fly out, F9 (Line Drive, 89S)
Top of the 6th over - 1 run(s), 1 hit(s), 0 error(s), 3 left on base; Oceanside HS 9 - Buchanan HS 8
BOTTOM OF THE 6TH
Buchanan HS batting - Pitching for Oceanside HS Pirates : LHP Denis Hoelscher
Batting: RHB Ryan Lyon 0-0: Called Strike
0-1: Called Strike
0-2: Ball
1-2: Hit by Pitch
Batting: LHB Jesús Torres 0-0: Ball
1-0: Called Strike
1-1: Ball
2-1: Foul Ball, location: 2F
2-2: Ball
3-2: Strikes out swinging
Pitching: LHP Mariano García
Batting: RHB Dave Sawyer 0-0: Ball
1-0: Fly out, F6 (Popup, 6MS)
Batting: RHB Allen Miller 0-0: Called Strike
Throwing error on steal attempt, E2
Ryan Lyon to third
0-1: Ball
1-1: Foul Ball, location: 2F
1-2: Fly out, F7 (Flyball, 78M)
Bottom of the 6th over - 0 run(s), 0 hit(s), 1 error(s), 1 left on base; Oceanside HS 9 - Buchanan HS 8
TOP OF THE 7TH
Oceanside HS Pirates batting - Pitching for Buchanan HS : RHP Jesse Hairston
Pitching: RHP Rafael Cervantes
Batting: RHB Glen Madden 0-0: SINGLE (Line Drive, 78S)
Batting: LHB Greg Sharpe 0-0: Ball
1-0: Ball
2-0: Ball
3-0: Foul Ball, location: 2F
3-1: Bunted foul
3-2: Foul Ball, location: 2F
3-2: Fielders Choice at 2nd, 1-4 (Groundball, 15)
Batting: LHB Ron Young 0-0: Called Strike
0-1: Called Strike
Greg Sharpe is caught stealing 2nd base
0-2: SINGLE (Groundball, 5D)
Batting: LHB Jon Quinn 0-0: Called Strike
Ron Young is caught stealing 2nd base
Top of the 7th over - 0 run(s), 2 hit(s), 0 error(s), 0 left on base; Oceanside HS 9 - Buchanan HS 8
BOTTOM OF THE 7TH
Buchanan HS batting - Pitching for Oceanside HS Pirates : LHP Mariano García
Batting: RHB Ernie Ross 0-0: Ball
1-0: Called Strike
1-1: Fly out, F8 (Line Drive, 8LM)
Batting: SHB Ken Gibson 0-0: Swinging Strike
0-1: SINGLE (Groundball, 56)
Batting: RHB Mike Willis 0-0: Ball
1-0: Foul Ball, location: 2F
1-1: Ball
2-1: Ball
3-1: Swinging Strike
3-2: DOUBLE (Line Drive, 7LD)
Ken Gibson to third
Batting: RHB Jason Stover 0-0: Ball
1-0: Ball
2-0: Ball
3-0: Base on Balls
Batting: RHB Ken Miller 0-0: Ball
1-0: Ball
2-0: Fly out, F8 (Flyball, 8LD)
Runner from 3rd tags up, SCORES, no throw
Batting: RHB Ryan Lyon 0-0: Fly out, F8 (Flyball, 8LM)
Bottom of the 7th over - 1 run(s), 2 hit(s), 0 error(s), 2 left on base; Oceanside HS 9 - Buchanan HS 9
TOP OF THE 8TH
Oceanside HS Pirates batting - Pitching for Buchanan HS : RHP Rafael Cervantes
Batting: LHB Jon Quinn 0-0: Ball
1-0: Foul Ball, location: 2F
1-1: Ball
2-1: Ball
3-1: Reached on error, E6 (Groundball, 6)
Batting: RHB Danny Boykins 0-0: Called Strike
0-1: Ball
1-1: Ball
2-1: Swinging Strike
2-2: Strikes out swinging
Batting: SHB Jerry Young 0-0: Intentional Walk
Batting: SHB Barry Holman 0-0: Ball
1-0: Foul Ball, location: 2F
1-1: Ball
2-1: Swinging Strike
2-2: Ball
3-2: Fly out, F4 (Line Drive, 4)
Batting: LHB Miguel Maldonado 0-0: DOUBLE (Groundball, 3L)
Jon Quinn scores
Jerry Young to third
Pitching: LHP Gustavo Sánchez
Batting: LHB Preston Spencer 0-0: Called Strike
0-1: Ball
1-1: Swinging Strike
1-2: Ball
2-2: Foul Ball, location: 2F
2-2: Strikes out swinging
Top of the 8th over - 1 run(s), 1 hit(s), 1 error(s), 2 left on base; Oceanside HS 10 - Buchanan HS 9
BOTTOM OF THE 8TH
Buchanan HS batting - Pitching for Oceanside HS Pirates : LHP Mariano García
Batting: LHB Jesús Torres 0-0: Called Strike
0-1: Ball
1-1: Called Strike
1-2: Ball
2-2: Reached on error, E4 (Groundball, 4)
Pitching: RHP Thomas Hoffman
Batting: RHB Dave Sawyer 0-0: Bunted foul
0-1: Bunted foul
0-2: Foul Ball, location: 2F
0-2: Ball
1-2: Fly out, F7 (Line Drive, 78M)
Batting: RHB Allen Miller 0-0: Ball
1-0: Ball
2-0: Fly out, F8 (Flyball, 8LM)
Batting: RHB Ernie Ross 0-0: Ball
Wild Pitch!
Jesús Torres to second
1-0: Fly out, F7 (Flyball, 78M)
Bottom of the 8th over - 0 run(s), 0 hit(s), 1 error(s), 1 left on base; Oceanside HS 10 - Buchanan HS 9
TOP OF THE 9TH
Oceanside HS Pirates batting - Pitching for Buchanan HS : LHP Gustavo Sánchez
Pitching: RHP Luis Orama
Batting: RHB Glen Madden 0-0: Ball
1-0: Ground out 5-3 (Groundball, 5)
Batting: LHB Greg Sharpe 0-0: Called Strike
0-1: Foul Ball, location: 2F
0-2: Strikes out looking
Batting: LHB Ron Young 0-0: Ball
1-0: Fly out, F9 (Line Drive, 9M)
Top of the 9th over - 0 run(s), 0 hit(s), 0 error(s), 0 left on base; Oceanside HS 10 - Buchanan HS 9
BOTTOM OF THE 9TH
Buchanan HS batting - Pitching for Oceanside HS Pirates : RHP Thomas Hoffman
Pitching: RHP Ed Castillo
Now at C: Curt Brown
Batting: SHB Ken Gibson 0-0: Called Strike
0-1: Foul Ball, location: 2F
0-2: Ball
1-2: Strikes out looking
Batting: RHB Mike Willis 0-0: Ball
1-0: Called Strike
1-1: Ball
2-1: Foul Ball, location: 2F
2-2: Ball
3-2: Foul Ball, location: 2F
3-2: SINGLE (Groundball, 6MD)
Batting: RHB Jason Stover 0-0: Ball
1-0: Ball
2-0: Called Strike
2-1: DOUBLE (Line Drive, 5D)
Mike Willis to third
Batting: RHB Ken Miller 0-0: Called Strike
0-1: Foul Ball, location: 2F
0-2: Strikes out swinging
Batting: RHB Ryan Lyon 0-0: Ball
1-0: Ball
2-0: Ball
3-0: Called Strike
3-1: Called Strike
3-2: Foul Ball, location: 2F
3-2: SINGLE (Groundball, 6D)
Mike Willis scores
Jason Stover to third
Jason Stover scores
This league is powered by Out of the Park Baseball, the baseball management simulation game for PC, Mac and Linux
Tuesday, August 2nd, 2016 - OOTP Baseball 16.8 Build 38